Map: Year Zero LE

Players

TLO

  • Race: Zerg Zerg
  • Spawn Location: 1:00

Zanster - Winner!

  • Race: Zerg Zerg
  • Spawn Location: 11:00

Event: 2019 WCS Spring

VOD

Have the link to the VOD?

Description

Time

  • Played on: May 17, 2019, 1:25 p.m.
  • Length: 15:39

All games in this series

Show
View Real Time Build Order
Export as new Build Order

TLO Zerg 

Build Orders: 3 Hatch before Pool 

Get SALT Encoding   

  12  0:00  Drone  
  13  0:13  Overlord  
  13  0:17  Drone  
  14  0:31  Drone x2  
  16  0:36  Drone  
  17  0:52  Hatchery  
  17  0:56  Drone  
  17  0:59  Drone  
  18  1:20  Hatchery  
  18  1:22  Drone  
  18  1:32  Extractor  
  18  1:36  Spawning Pool  
  16  1:40  Drone  
  16  1:43  Drone  
  16  1:46  Drone  
  19  1:52  Drone  
  20  2:03  Drone  
  20  2:04  Drone  
  22  2:13  Drone  
  22  2:15  Drone  
  24  2:24  Queen x2  
  28  2:31  Queen  
  28  2:33  Zergling x2  
  28  2:36  Zergling x2  
  32  2:40  Metabolic Boost  
  32  2:43  Zergling x2  
  33  2:47  Overlord  
  33  2:50  Drone  
  34  2:57  Baneling Nest  
  33  2:58  Drone  
  34  3:09  Zergling x4  
  34  3:12  Overlord  
  36  3:15  Drone x2  
  36  3:17  Drone  
  36  3:18  Drone  
  40  3:20  Drone  
  40  3:25  Overlord  
  40  3:26  Drone  
  42  3:32  Drone x2  
  42  3:33  Drone  
  45  3:35  Drone  
  45  3:38  Drone  
  45  3:40  Drone  
  48  3:41  Baneling x2  
  48  3:43  Drone  
  48  3:48  Extractor  
  48  3:49  Drone x2  
  48  3:50  Drone  
  48  3:52  Drone  
  51  3:56  Overlord  
  51  3:58  Drone  
  51  4:01  Drone  
  53  4:05  Overlord  
  53  4:06  Drone  
  54  4:12  Lair  
  54  4:17  Evolution Chamber  
  54  4:18  Drone x2  
  54  4:19  Overlord  
  54  4:21  Drone  
  54  4:22  Drone  
  57  4:25  Drone  
  57  4:27  Drone  
  57  4:29  Zergling x4  
  57  4:30  Baneling  
  57  4:31  Baneling x2  
  60  4:34  Drone  
  60  4:35  Drone x2  
  63  4:40  Roach Warren  
  63  4:43  Zergling x4  
  63  4:44  Extractor  
  63  4:45  Baneling x2  
  63  4:47  Drone  
  63  4:48  Drone  
  65  4:53  Drone  
  65  4:54  Extractor, Drone  
  65  4:56  Drone x2  
  65  4:57  Drone x2  
  65  4:58  Drone  
  70  5:02  Extractor  
  70  5:04  Extractor, Drone, Zerg Melee Weapons Level 1  
  68  5:08  Drone x2  
  68  5:10  Drone x2  
  68  5:11  Drone  
  73  5:19  Drone  
  73  5:22  Zergling x4, Spire  
  73  5:23  Zergling x2  
  73  5:25  Zergling x2, Drone  
  73  5:26  Zergling x2  
  78  5:30  Zergling x4  
  78  5:31  Zergling x2  
  78  5:35  Overlord  
  81  5:36  Overlord  
  81  5:39  Overlord  
  81  5:48  Hatchery, Drone  
  81  5:49  Drone  
  82  5:54  Drone  
  82  5:55  Drone  
  83  5:58  Drone  
  83  6:02  Zergling x4  
  83  6:05  Zergling x2  
  83  6:06  Zergling x6  
  83  6:08  Zergling x4  
  83  6:11  Overlord  
  89  6:13  Roach x3  
  89  6:14  Baneling x2  
  89  6:15  Roach  
  89  6:16  Baneling x2  
  98  6:18  Zergling x2  
  98  6:19  Zergling x2  
  98  6:20  Zergling x2  
  98  6:21  Zergling x2  
  98  6:22  Zergling x2  
  98  6:23  Zergling x2  
  98  6:24  Zergling x2  
  98  6:25  Zergling x2  
  105  6:27  Zergling x2  
  105  6:31  Zergling x2  
  101  6:35  Mutalisk  
  101  6:37  Mutalisk  
  101  6:39  Mutalisk x2  
  104  6:42  Mutalisk x2  
  104  6:44  Mutalisk x2  
  107  6:47  Drone  
  107  6:48  Mutalisk  
  107  6:50  Zergling x2  
  107  6:53  Mutalisk, Zerg Flyer Weapons Level 1  
  107  6:56  Baneling x5  
  107  7:00  Zergling x2  
  109  7:01  Mutalisk, Zergling x2  
  109  7:03  Zergling x2  
  112  7:09  Zergling x2  
  112  7:10  Zergling x2  
  112  7:12  Zergling x4  
  112  7:14  Zergling x2  
  112  7:15  Zergling x4  
  118  7:21  Baneling  
  118  7:23  Zerg Melee Weapons Level 2  
  118  7:24  Zergling x2  
  118  7:26  Overlord  
  118  7:29  Baneling x2  
  118  7:31  Overlord x2  
  118  7:35  Mutalisk  
  118  7:37  Mutalisk  
  119  7:44  Mutalisk  
  119  7:46  Mutalisk x2  
  119  7:47  Extractor  
  119  7:48  Extractor  
  119  7:49  Zergling x4  
  119  7:50  Zergling x6  
  119  7:52  Mutalisk  
  119  7:54  Zergling x12  
  119  7:55  Queen  
  119  7:58  Zergling x4  
  122  8:00  Spore Crawler  
  122  8:02  Spore Crawler  
  122  8:03  Zergling x2  
  115  8:05  Overlord  
  115  8:10  Zergling x2  
  115  8:12  Overlord  
  115  8:19  Overlord x2  
  115  8:31  Mutalisk  
  115  8:32  Mutalisk  
  117  8:34  Mutalisk  
  117  8:39  Mutalisk x2  
  123  8:44  Mutalisk  
  123  8:45  Queen  
  123  8:46  Zergling x4  
  123  8:47  Zerg Flyer Armor Level 1  
  121  8:53  Mutalisk  
  121  8:56  Mutalisk  
  121  8:58  Zergling x6  
  121  8:59  Zergling x2  
  121  9:02  Zergling x2  
  126  9:03  Zergling x2  
  126  9:06  Zergling x4  
  126  9:09  Zergling x2  
  130  9:11  Zergling x2  
  130  9:12  Zergling x2  
  130  9:15  Zergling x2  
  130  9:16  Zergling x2  
  134  9:17  Zergling x2  
  134  9:21  Zergling x2  
  136  9:28  Overlord  
  136  9:29  Overlord x2  
  134  9:34  Baneling x3  
  134  9:38  Overlord  
  134  9:39  Baneling x2  
  134  9:42  Overlord  
  134  9:45  Overlord  
  134  9:47  Mutalisk  
  134  9:48  Mutalisk  
  134  9:52  Mutalisk  
  140  9:59  Mutalisk  
  139  10:00  Mutalisk  
  139  10:01  Mutalisk  
  139  10:06  Mutalisk x2  
  146  10:15  Overlord x3  
  146  10:20  Zerg Ground Armor Level 1  
  145  10:35  Mutalisk x2  
  147  10:37  Mutalisk x4  
  147  10:39  Mutalisk  
  147  10:41  Mutalisk  
  160  10:48  Mutalisk  
  159  10:54  Mutalisk  
  159  10:56  Zergling x4  
  156  10:57  Zergling x4  
  156  10:58  Zergling x2  
  156  11:00  Zergling x2  
  156  11:02  Zergling x2  
  158  11:05  Zergling x4  
  158  11:06  Zergling x2  
  158  11:08  Mutalisk  
  163  11:12  Zergling x2  
  163  11:15  Zergling x2  
  163  11:16  Mutalisk  
  167  11:21  Pneumatized Carapace  
  167  11:22  Overseer  
  167  11:28  Spore Crawler x2  
  167  11:29  Mutalisk  
  159  11:35  Spore Crawler  
  159  11:37  Mutalisk  
  156  11:42  Mutalisk  
  156  11:45  Spore Crawler  
  153  11:47  Mutalisk  
  150  11:58  Baneling  
  150  11:59  Spore Crawler  
  146  12:02  Spore Crawler x2  
  90  12:31  Zergling x6  
Show
View Real Time Build Order
Export as new Build Order

Zanster Zerg - Winner!

Build Orders: Hatch First 

Get SALT Encoding   

  12  0:00  Drone  
  13  0:14  Overlord  
  13  0:18  Drone  
  14  0:32  Drone x2  
  16  0:50  Hatchery  
  16  0:52  Drone  
  16  0:56  Drone  
  17  1:00  Drone  
  18  1:10  Extractor  
  17  1:15  Spawning Pool  
  16  1:19  Drone  
  16  1:22  Drone  
  18  1:29  Drone  
  19  1:40  Drone  
  20  1:53  Drone  
  21  2:02  Overlord, Queen  
  21  2:03  Queen, Zergling x2  
  26  2:12  Metabolic Boost  
  26  2:15  Drone x2  
  28  2:23  Drone  
  28  2:25  Drone  
  30  2:36  Zergling x2  
  31  2:38  Drone  
  32  2:45  Hatchery  
  32  2:47  Drone  
  32  2:50  Overlord  
  32  2:55  Drone  
  33  2:59  Drone  
  34  3:06  Drone  
  34  3:07  Drone, Baneling Nest  
  35  3:15  Drone  
  35  3:16  Drone x4  
  35  3:19  Drone  
  41  3:25  Evolution Chamber, Drone  
  41  3:27  Overlord  
  41  3:34  Zergling x4  
  43  3:45  Zergling x4  
  44  3:50  Queen  
  44  3:53  Drone x3  
  44  3:54  Drone  
  44  3:55  Overlord  
  49  3:57  Zerg Ground Armor Level 1  
  49  3:58  Drone  
  49  3:59  Drone  
  49  4:01  Baneling  
  51  4:08  Baneling  
  51  4:10  Extractor  
  51  4:12  Zergling x6  
  51  4:13  Zergling x2  
  51  4:14  Zergling x2  
  51  4:15  Baneling  
  55  4:22  Drone x7  
  62  4:26  Overlord  
  62  4:27  Drone  
  62  4:31  Drone  
  64  4:37  Drone  
  64  4:38  Drone  
  66  4:44  Overlord  
  66  4:46  Lair  
  66  4:47  Roach Warren  
  66  4:48  Drone  
  66  4:49  Drone x2  
  66  4:50  Drone  
  66  4:51  Drone  
  70  4:57  Drone  
  68  5:00  Extractor  
  68  5:02  Extractor, Drone x6  
  71  5:09  Overlord  
  71  5:10  Extractor  
  71  5:11  Drone  
  71  5:12  Extractor  
  69  5:18  Zergling x6  
  71  5:25  Zergling x4  
  74  5:31  Zergling x20  
  74  5:35  Overlord  
  84  5:39  Zergling x2  
  84  5:40  Hatchery  
  84  5:48  Zergling x4  
  84  5:49  Baneling x2  
  83  5:53  Spire  
  81  5:59  Zergling x2  
  81  6:00  Baneling x2, Zergling x12  
  81  6:03  Zerg Melee Weapons Level 1  
  86  6:04  Zergling x10  
  86  6:05  Zergling x2  
  92  6:13  Overlord  
  92  6:14  Zergling x2  
  92  6:15  Zergling x2  
  92  6:16  Baneling x3  
  92  6:17  Baneling x5  
  94  6:19  Zergling x2  
  95  6:30  Zergling x8  
  95  6:31  Zergling x4  
  98  6:38  Zergling x6  
  87  6:54  Queen  
  88  7:05  Mutalisk  
  88  7:06  Mutalisk x9  
  88  7:08  Zerg Flyer Weapons Level 1  
  108  7:10  Mutalisk  
  108  7:14  Mutalisk  
  111  7:17  Overlord x2  
  111  7:25  Overlord  
  106  7:38  Mutalisk  
  106  7:39  Mutalisk x3  
  112  7:44  Drone x3  
  112  7:46  Mutalisk  
  106  7:55  Drone x6  
  106  7:56  Drone x2  
  109  8:03  Mutalisk x3  
  115  8:07  Drone  
  115  8:08  Drone x5  
  117  8:14  Queen  
  117  8:19  Zergling x6  
  124  8:20  Zergling x8  
  124  8:23  Overlord  
  124  8:25  Spore Crawler  
  123  8:28  Overlord  
  123  8:29  Spore Crawler  
  123  8:33  Overlord  
  120  8:41  Zerg Melee Weapons Level 2  
  118  8:49  Zergling x12  
  118  8:50  Hatchery  
  122  8:59  Mutalisk x4  
  127  9:03  Mutalisk  
  127  9:08  Zergling x10  
  134  9:14  Zerg Flyer Armor Level 1  
  133  9:24  Drone x2  
  133  9:25  Drone x8  
  133  9:27  Extractor x2  
  133  9:29  Overlord  
  141  9:33  Mutalisk  
  141  9:35  Overlord x2  
  143  9:45  Overlord  
  143  9:49  Mutalisk x4  
  150  9:54  Mutalisk x2  
  154  10:07  Mutalisk x5  
  154  10:14  Mutalisk x2  
  164  10:18  Zergling x14  
  173  10:22  Mutalisk x2  
  177  10:29  Overlord  
  177  10:30  Zergling x8  
  180  10:38  Overlord  
  180  10:42  Overlord  
  180  10:48  Zergling x18  
  183  10:56  Mutalisk  
  179  10:57  Mutalisk  
  179  11:00  Mutalisk x3  
  189  11:09  Mutalisk x5  
  199  11:13  Overlord  
  199  11:15  Infestation Pit  
  199  11:18  Extractor  
  197  11:22  Extractor  
  188  11:34  Spore Crawler  
  188  11:35  Spore Crawler  
  188  11:36  Spore Crawler x2  
  184  11:41  Mutalisk  
  184  11:42  Mutalisk x3  
  184  11:45  Spore Crawler  
  184  11:47  Spore Crawler  
  173  11:50  Mutalisk  
  155  12:02  Zergling x26  
  131  13:07  Drone x2  
  131  13:08  Drone  
  133  13:18  Drone x4  
  136  13:39  Drone  
  137  13:48  Drone  
  137  14:06  Drone  
  137  14:07  Drone x3  
  140  14:24  Drone x2  
  144  14:32  Spore Crawler  
  144  14:38  Spore Crawler  
  140  14:48  Spore Crawler  
  140  14:50  Spore Crawler  
  140  14:51  Spore Crawler  
  132  14:54  Drone x3  
  132  14:59  Drone x2  
  135  15:15  Spire  
  133  15:22  Drone x2  
Tags
 
Add a new tag
Caveats
  • Supply blocks, unpowered buildings, or Contaminate may cause inaccurate times.
  • Supply counts are checked every 10 seconds.